 Dungeon Sprint DCSS version 0.31-a0-851-g7ff8af7976 (webtiles) character file.

Game seed: 12941690813525665994

11967 sircluck the Brawler (level 11, -23/104 HPs)
             Began as a Troll Berserker on Oct 5, 2023.
             Was the Champion of Trog.
             Annihilated by a lorocyproca (36 damage)
             ... in the Dungeon (Sprint I: "Red Sonja").
             The game lasted 00:07:46 (1558 turns).

sircluck the Brawler (Troll Berserker)              Turns: 1558, Time: 00:07:47

Health: -23/104    AC:  5    Str: 33 (34) XL:     11   Next: 56%
Magic:  0/10       EV: 14    Int: -1 (3)  God:    Trog [******]
Gold:   1019       SH:  0    Dex:  9      Spells: 10/10 levels left

rFire   x .          .
                       - Unarmed
rCold   + . .        (no shield)
rNeg    . . .        a - +0 animal skin
rPois   .            p - +1 hat of Rebom {rC+ Str+3}
rElec   .            q - scarf {shadows}
rCorr   .            (gloves unavailable)
SInv    .            (boots unavailable)
Will    .....        (no amulet)
Stlth   +            (no ring)
HPRegen 1.17/turn    (no ring)
MPRegen 0.12/turn

%: no teleportation
@: confused, slowed, lost intelligence, unable to read, very slow
A: large, unfitting armour, claws 3, regeneration 1, shaggy fur 1, tough skin 1,
deterioration 2, frail 2, heat vulnerability 1, MP-powered wands
a: Renounce Religion, Berserk, Trog's Hand, Brothers in Arms


You were in the Dungeon.
You worshipped Trog.
Trog was exalted by your worship.
You visited 1 branch You collected 1460 gold pieces.
You spent 441 gold pieces at shops.

Inventory:

Missiles
 o - 3 stones
Armour
 a - a +0 animal skin (worn)
 p - the +1 hat of Rebom (worn) {rC+ Str+3}
   (You found it in the Dungeon)

   Str+3:     It affects your strength (+3).
   rC+:       It protects you from cold.
 q - a scarf of shadows (worn)
Wands
 h - a wand of roots (14)
 i - a wand of flame (25)
 m - a wand of digging (6)
 n - a wand of mindburst (19)
Scrolls
 g - a scroll of blinking
 k - a scroll of identify {unknown}
 l - a scroll of summoning {unknown}
 r - a scroll of enchant weapon {unknown}
Potions
 b - 3 potions of curing
 c - 2 potions of heal wounds
 d - a potion of haste
 e - 2 potions of magic
 f - a potion of berserk rage
 j - a potion of brilliance {unknown}


   Skills:
 + Level 14.7 Fighting
 + Level 14.5 Dodging
 + Level 17.0 Unarmed Combat


You had 10 spell levels left.
You didn't know any spells.
Your spell library was empty.

Dungeon Overview and Level Annotations

Branches:
Dungeon (1/1)

Altars:
Cheibriados
Dithmenos
Elyvilon
Fedhas
Gozag
Hepliaklqana
Kikubaaqudgha
Makhleb
Nemelex Xobeh
Okawaru
Qazlal
Ru
Sif Muna
Trog
Uskayaw
Vehumet
Wu Jian
Xom
Yredelemnul
Zin
The Shining One
Jiyva
Lugonu

Shops:
D [?(::*[(:==[[*[*??([(


Innate Abilities, Weirdness & Mutations

You are too large for most types of armour.
You have claws for hands.
Your natural rate of healing is unusually fast.
You are covered in fur. (AC +1)
You have tough skin. (AC +1)
Your body often deteriorates upon taking damage.
You are very frail. (-20% HP)
You are vulnerable to heat. (rF-)
You expend magic power (3 MP) to strengthen your wands.


Message History

The meliai buzzes angrily.
Found 162 gold pieces.
You are engulfed in noxious fumes.
You choke on the stench!
You are confused.
You hear a chilling moan.
You are engulfed in noxious fumes.
You choke on the stench!
You are more confused.
There is an open door here.
Deactivating autopickup; reactivate with Ctrl-A.
You claw something! You completely miss something. Something barely misses you.
You are engulfed in noxious fumes.
You feel less confused. Something hits you!
Your body deteriorates!
You feel dopey.
You feel your power leaking away.
You claw something! Your claw misses something.
You are engulfed in noxious fumes.
You choke on the stench!
You are confused.
Something hits you!!
Your body deteriorates!
You feel dopey.
You have lost your intelligence.
You feel your power leaking away.
You are engulfed in noxious fumes.
You choke on the stench!
You are more confused.
Something hits you but does no damage.
You are engulfed in noxious fumes.
You choke on the stench!
You are more confused.
Something hits you!!
Your body deteriorates!
You feel weakened.
You are engulfed in noxious fumes.
You choke on the stench!
You are more confused.
Something hits you!!
* * * LOW HITPOINT WARNING * * *
Your body deteriorates!
You feel dopey. Something hits you!
* * * LOW HITPOINT WARNING * * *
You can move again.
Unknown command.
Unknown command.
Something hits you!!!
You die...

#####################************
..#__#..'[..#[.#§§)†+,,,,,,+,,*,,
..'..'..#[..##'#§####,,,,,**,,+,,
#'#__####...'..#.#,*##,,,*******+
#.####).#####..§§#+#$###+*,,,**,,
#:#§~~..#..##'####..$#y#,**,,,*,,
_.+§~§)§'..#.°...#..$###,,***,*,,
._#§~§).#..#..○.@'..$$$#*,*,*,*,,
#'##'#####'###..°#.....#,,***,*,,
#.#....###.÷.#..○###++##,**,,,*,,
####'###.###)#☼○##*,,***,,*+***,,
.'.....'.∩##.#..#***,,***,,,*,~,,
.###########.##'#,,*,,*,***,*,~,,
###.......##.##.#,,,,,,,,,*,***,,
#.#.......§'§####,,,,,,,,,*,*,+,,
..#+..######§#,,+,,,,,,****+*,**'


You could see a meliai.

Vanquished Creatures
  2 centaur warriors (D)
  2 demonic crawlers (D)
  Sonja (D)
  A deep troll (D)
  A lindwurm (D)
  An oklob plant (D)
  3 shining eyes (D)
  A gargoyle (D)
  2 kobold demonologists (D)
  2 unseen horrors (D)
  A hornet (D)
  Sigmund (D)
  A slime creature (D)
  A yak (D)
  2 redbacks (D)
  2 floating eyes (D)
  An ogre (D)
  7 necrophages (D)
  8 jellies (D)
  Ijyb (D)
  A ballistomycete spore (D)
42 creatures vanquished.

Vanquished Creatures (collateral kills)
  2 demonic crawlers (D)
  5 shining eyes (D)
  4 floating eyes (D)
11 creatures vanquished.

Vanquished Creatures (others)
  A ballistomycete spore (D)
1 creature vanquished.

Grand Total: 54 creatures vanquished

Notes
Turn   | Place    | Note
-------+----------+-------------------------------------------
     0 | D        | sircluck the Troll Berserker began the quest for the Orb.
     0 | D        | Reached XP level 1. HP: 22/22 MP: 0/0
     1 | D        | Noticed Ijyb
     5 | D        | Killed Ijyb
     6 | D        | Reached skill level 4 in Unarmed Combat
     6 | D        | Reached XP level 2. HP: 10/32 MP: 1/1
    30 | D        | Noticed an ogre
    34 | D        | Killed an ogre
    35 | D        | Reached skill level 5 in Fighting
    35 | D        | Reached skill level 5 in Dodging
    35 | D        | Reached skill level 6 in Unarmed Combat
    35 | D        | Reached XP level 3. HP: 9/42 MP: 2/2
    35 | D        | Reached XP level 4. HP: 11/50 MP: 3/3
    82 | D        | Noticed Sigmund
   104 | D        | Killed Sigmund
   104 | D        | Reached ** piety under Trog
   105 | D        | Reached skill level 7 in Unarmed Combat
   105 | D        | Reached XP level 5. HP: 38/61 MP: 4/4
   138 | D        | Found a burning altar of Makhleb.
   138 | D        | Found a viscous altar of Jiyva.
   138 | D        | Found a shimmering altar of Xom.
   138 | D        | Found a corrupted altar of Lugonu.
   138 | D        | Noticed a slime creature
   145 | D        | Killed a slime creature
   146 | D        | Reached skill level 8 in Unarmed Combat
   146 | D        | Reached XP level 6. HP: 26/71 MP: 5/5
   201 | D        | Noticed a kobold demonologist
   201 | D        | Noticed a floating eye
   201 | D        | Noticed a kobold demonologist
   204 | D        | Killed a floating eye
   205 | D        | Reached skill level 9 in Unarmed Combat
   205 | D        | Reached XP level 7. HP: 78/79 MP: 6/6
   211 | D        | Killed a kobold demonologist
   211 | D        | Reached *** piety under Trog
   212 | D        | Reached skill level 10 in Unarmed Combat
   218 | D        | Killed a kobold demonologist
   219 | D        | Reached XP level 8. HP: 69/92 MP: 7/7
   257 | D        | Found a shimmering blue altar of Sif Muna.
   258 | D        | Found an ornate altar of the Wu Jian Council.
   259 | D        | Found a radiant altar of Vehumet.
   262 | D        | Reached **** piety under Trog
   302 | D        | Found Bileutzonn's Book Emporium.
   302 | D        | Found an ancient bone altar of Kikubaaqudgha.
   302 | D        | Found a hazy altar of Hepliaklqana.
   302 | D        | Found a stormy altar of Qazlal.
   302 | D        | Found a hide-covered altar of Uskayaw.
   302 | D        | Found a blossoming altar of Fedhas.
   302 | D        | Found a bloodstained altar of Trog.
   302 | D        | Found an iron altar of Okawaru.
   302 | D        | Found a basalt altar of Yredelemnul.
   302 | D        | Found a glowing golden altar of the Shining One.
   302 | D        | Found a snail-covered altar of Cheibriados.
   302 | D        | Found a sacrificial altar of Ru.
   302 | D        | Found a glowing silver altar of Zin.
   302 | D        | Found a shadowy altar of Dithmenos.
   302 | D        | Found a white marble altar of Elyvilon.
   309 | D        | Reached skill level 11 in Unarmed Combat
   309 | D        | Found an opulent altar of Gozag.
   310 | D        | Found a sparkling altar of Nemelex Xobeh.
   323 | D        | Noticed Sonja
   333 | D        | Killed Sonja
   334 | D        | Reached skill level 10 in Fighting
   334 | D        | Reached skill level 10 in Dodging
   484 | D        | Noticed a deep troll
   489 | D        | Killed a deep troll
   490 | D        | Reached skill level 12 in Unarmed Combat
   490 | D        | Reached XP level 9. HP: 102/102 MP: 8/8
   541 | D        | Found Gede Dyo's Armour Emporium.
   569 | D        | Noticed a centaur warrior
   569 | D        | Noticed a centaur warrior
   574 | D        | Killed a centaur warrior
   574 | D        | Reached ***** piety under Trog
   575 | D        | Reached skill level 13 in Unarmed Combat
   576 | D        | HP: 4/157 [centaur warrior (4)]
   579 | D        | Killed a centaur warrior
   668 | D        | Noticed an oklob plant
   672 | D        | Killed an oklob plant
   673 | D        | Reached XP level 10. HP: 115/115 MP: 9/9
   681 | D        | Reached skill level 14 in Unarmed Combat
   770 | D        | Reached ****** piety under Trog
   770 | D        | Received a gift from Trog
   841 | D        | Received a gift from Trog
  1089 | D        | Identified the +1 hat of Rebom {rC+ Str+3}
  1109 | D        | Found Ceogalakk's Weapon Shoppe.
  1109 | D        | Found Hymarir's Armour Shop.
  1109 | D        | Found Ruap's Book Boutique.
  1111 | D        | Found Radet's Jewellery Emporium.
  1111 | D        | Found Juofatru's Jewellery Shop.
  1111 | D        | Found Iriar's Antique Armour Shoppe.
  1111 | D        | Found Ifaot's Armour Boutique.
  1111 | D        | Found Weenasso's Assorted Antiques.
  1111 | D        | Found Kuceraih's Armour Shop.
  1111 | D        | Found Suopymym's Assorted Antiques.
  1115 | D        | Found Nijyg's Magic Scroll Boutique.
  1116 | D        | Found Hytumedgh's Antique Weapon Emporium.
  1116 | D        | Found Pehih's Magic Scroll Boutique.
  1117 | D        | Found Kechufek's Weapon Emporium.
  1123 | D        | Bought a scroll of revelation for 105 gold pieces
  1126 | D        | Noticed a fire giant
  1126 | D        | Noticed a fire giant
  1126 | D        | Noticed a fire giant
  1206 | D        | Found Giovav's Antique Armour Boutique.
  1214 | D        | Bought an embroidered scarf for 248 gold pieces
  1221 | D        | Noticed a shining eye
  1221 | D        | Noticed a shining eye
  1225 | D        | Noticed a shining eye
  1227 | D        | Gained mutation: Your mind is acute. (Int +4, Str/Dex -1)
                  | [a shining eye]
  1228 | D        | Killed a shining eye
  1228 | D        | Identified the +6 rapier of Conflict {heavy, rPois rF+}
                  | (Trog gifted it to you in the Dungeon)
  1228 | D        | Received a gift from Trog
  1229 | D        | Reached skill level 15 in Unarmed Combat
  1229 | D        | Noticed a shining eye
  1230 | D        | Killed a shining eye
  1231 | D        | Noticed a shining eye
  1232 | D        | Gained mutation: Your body sometimes deteriorates upon
                  | taking damage. [a shining eye]
  1232 | D        | Noticed a shining eye
  1235 | D        | Gained mutation: You are frail. (-10% HP) [a shining eye]
  1236 | D        | Killed a shining eye
  1236 | D        | Gained mutation: You are vulnerable to heat. (rF-) [a
                  | shining eye]
  1236 | D        | Gained mutation: You are very frail. (-20% HP) [a shining
                  | eye]
  1238 | D        | Killed a shining eye
  1238 | D        | Paralysed by a floating eye for 2 turns
  1240 | D        | Noticed a shining eye
  1242 | D        | Noticed a shining eye
  1243 | D        | Gained mutation: Your body often deteriorates upon taking
                  | damage. [a shining eye]
  1243 | D        | Gained mutation: Your spells are a little easier to cast,
                  | but a little less powerful. [a shining eye]
  1244 | D        | Killed a shining eye
  1245 | D        | Reached XP level 11. HP: 101/101 MP: 10/10
  1246 | D        | Killed a shining eye
  1250 | D        | Killed a shining eye
  1250 | D        | Received a gift from Trog
  1250 | D        | Killed a shining eye
  1251 | D        | Reached skill level 16 in Unarmed Combat
  1258 | D        | Found Zeodwe's Book Shop.
  1258 | D        | Found Zawaqy's Magic Scroll Shoppe.
  1258 | D        | Found Kizoymug's General Store.
  1258 | D        | Found Hilolusk's Antique Weapon Emporium.
  1278 | D        | Bought a potion of mutation for 88 gold pieces
  1280 | D        | Lost mutation: You are very frail. (-20% HP) [potion of
                  | mutation]
  1280 | D        | Lost mutation: Your spells are a little easier to cast, but
                  | a little less powerful. [potion of mutation]
  1280 | D        | Lost mutation: Your mind is acute. (Int +4, Str/Dex -1)
                  | [potion of mutation]
  1280 | D        | Gained mutation: You are very frail. (-20% HP) [potion of
                  | mutation]
  1280 | D        | Gained mutation: You expend magic power (3 MP) to
                  | strengthen your wands. [potion of mutation]
  1316 | D        | Noticed a demonic crawler
  1316 | D        | Noticed a demonic crawler
  1316 | D        | Noticed a demonic crawler
  1316 | D        | Noticed a demonic crawler
  1320 | D        | Killed a demonic crawler
  1322 | D        | Killed a demonic crawler
  1325 | D        | Killed a demonic crawler
  1327 | D        | Killed a demonic crawler
  1377 | D        | Noticed a lindwurm
  1384 | D        | HP: 4/104 [lindwurm/blast of flame (42)]
  1386 | D        | Killed a lindwurm
  1386 | D        | Received a gift from Trog
  1491 | D        | Reached skill level 17 in Unarmed Combat
  1553 | D        | Lost intelligence.
  1558 | D        | Annihilated by a lorocyproca

Illustrated notes

Levels and vault maps discovered:
D:        dungeon_sprint_1 [red_sonja_temple_1, red_sonja_temple_small_1]

Skill      XL: |  1  2  3  4  5  6  7  8  9 10 11 |
---------------+----------------------------------+-----
Fighting       | 3 5 6 7 9 10 11 13 14 | 14.7
Dodging        | 3 5 6 7 8 10 11 13 14 | 14.5
Unarmed Combat | 4 6 7 8 9 10 12 13 15 17 | 17.0

Action                     |  1- 3 |  4- 6 |  7- 9 | 10-12 || total
---------------------------+-------+-------+-------+-------++-------
  Melee: Unarmed           |     6 |    23 |    41 |    80 ||   150
         Punch             |       |     1 |     2 |     4 ||     7
 Invoke: Berserk           |       |       |     3 |     1 ||     4
         Brothers in Arms  |       |       |       |     2 ||     2
    Use: Scroll            |       |       |       |     1 ||     1
         Potion            |       |       |       |     1 ||     1
 Armour: Animal skin       |     3 |    12 |    49 |    82 ||   146
  Dodge: Dodged            |       |     6 |    27 |    36 ||    69

Table legend: (Time is in decaauts)
 A = Elapsed time spent in this place.
 B = Non-inter-level travel time spent in this place.
 C = Inter-level travel time spent in this place.
 D = Time resting spent in this place.
 E = Time spent auto-exploring this place.
 F = Levels seen in this place.
 G = Mean time per level.
                   A        B        C        D        E       F      G
               +--------+--------+--------+--------+--------+-----+--------+
         Total |   1577 |   1505 |     72 |    679 |     99 |   1 | 1577.0 |
       Dungeon |   1577 |   1505 |     72 |    679 |     99 |   1 | 1577.0 |
               +--------+--------+--------+--------+--------+-----+--------+

Top non-repeatable levels by time:
       D: 1577 daAuts
